 Dungeon Crawl Stone Soup version 0.30.0-17-ge0270778cf (webtiles) character file.

Game seed: 7471673241620638409

123 NateTC the Trooper (level 5, 0/35 HPs)
             Began as a Gargoyle Fighter on May 21, 2023.
             Slain by Duvessa
             ... wielding a +0 short sword of flaming
              (5 damage)
             ... on level 4 of the Dungeon.
             The game lasted 00:02:43 (2054 turns).

NateTC the Trooper (Gargoyle Fighter)               Turns: 2054, Time: 00:02:43

Health: 0/35       AC: 12    Str: 22    XL:     5   Next: 7%
Magic:  5/5        EV: 14    Int:  8    God:
Gold:   169        SH:  5    Dex:  9    Spells: 4/4 levels left

rFire   . . .        a - +2 flail
rCold   . . .        c - +1 buckler
rNeg    + . .        b - +0 scale mail
rPois   ∞            (no helmet)
rElec   +            (no cloak)
rCorr   .            k - +0 pair of gloves
SInv    .            (no boots)
Will    .....        (no amulet) Stlth
                     t - +5 ring of evasion
HPRegen 0.25/turn    (no ring)
MPRegen 0.09/turn

%: no passive effects
@: mighty
A: sickness immunity, AC +4, negative energy resistance 1, electricity
resistance, torment resistance 1, petrification resistance
a: no special abilities


You were on level 4 of the Dungeon.
You visited 1 branch of the dungeon, and saw 4 of its levels.

You collected 169 gold pieces.

Inventory:

Hand Weapons
 a - a +2 flail (weapon)
Missiles
 j - a throwing net (quivered)
Armour
 b - a +0 scale mail (worn)
 c - a +1 buckler (worn)
 k - a +0 pair of gloves (worn)
Jewellery
 t - a +5 ring of evasion (left hand)
 u - a ring of ice
Wands
 p - a wand of mindburst (16)
 q - a wand of paralysis (6)
Scrolls
 e - a scroll of identify
 l - a scroll of fog
 m - 2 scrolls of teleportation
 s - a scroll of torment
Potions
 g - a potion of curing
 i - a potion of degeneration
 n - a potion of mutation
 o - a potion of attraction
 r - a potion of ambrosia


   Skills:
 - Level 5.4 Fighting
 * Level 3.1 Maces & Flails
 - Level 3.2 Armour
 - Level 3.2 Shields


You had 4 spell levels left.
You didn't know any spells.
Your spell library contained the following spells:

 Spells                   Type           Power      Damage    Failure   Level
 Apportation              Tloc           0%         N/A       80%         1
 Magic Dart               Conj           0%         1d3       80%         1
 Necrotise                Necr           0%         1d4       80%         1
 Summon Small Mammal      Summ           0%         N/A       80%         1
 Blink                    Tloc           0%         N/A       91%         2
 Lesser Beckoning         Tloc           0%         N/A       91%         2
 Momentum Strike          Conj/Tloc      0%         3d8       91%         2
 Searing Ray              Conj           0%         2d4       91%         2
 Call Canine Familiar     Summ           0%         N/A       99%         3
 Gell's Gravitas          Tloc           0%         N/A       99%         3
 Portal Projectile        Hex/Tloc       0%         N/A       99%         3
 Teleport Other           Tloc           0%         N/A       99%         3
 Vampiric Draining        Necr           0%         2d6       99%         3
 Fulminant Prism          Conj/Hex       0%         3d5       100%        4
 Leda's Liquefaction      Hex/Erth       0%         N/A       100%        4
 Agony                    Necr           0%         N/A       100%        5


Dungeon Overview and Level Annotations

Branches:
Dungeon (4/15) Zot: 21903
 Temple: D:4-7

Altars:

Shops:
D:2 *

Annotations:
D:4 Duvessa


Innate Abilities, Weirdness & Mutations

You are immune to sickness and miasma.
Your stone body is resilient. (AC +4)
You are immune to poison.
You resist negative energy. (rN+)
You are resistant to electric shocks. (rElec)
You are resistant to unholy torment.
You are immune to petrification.


Message History

Dowan hits you with a +0 dagger.
You feel very mighty all of a sudden. Dowan completely misses you.
You barely miss Dowan. Dowan hits you but does no damage.
You sock Dowan!
Dowan is moderately wounded.
Dowan barely misses you.
You thump Dowan!
Dowan is severely wounded.
Dowan points at Duvessa and mumbles some strange words.
Duvessa seems to speed up.
You sock Dowan!
You kill Dowan!
Duvessa screams in rage.
Duvessa goes berserk!
Duvessa closely misses you.
Your Maces & Flails skill increases to level 3!
You have reached level 5!
You sock Duvessa!
Duvessa is moderately wounded.
Duvessa hits you but does no damage.
Duvessa hits you with a +0 short sword of flaming!
Duvessa burns you.
You bludgeon Duvessa!!
Duvessa is heavily wounded.
Duvessa hits you with a +0 short sword of flaming.
Duvessa burns you.
* * * LOW HITPOINT WARNING * * *
Duvessa closely misses you.
You completely miss Duvessa.
Duvessa is heavily wounded.
You block Duvessa's attack.
Duvessa hits you with a +0 short sword of flaming.
* * * LOW HITPOINT WARNING * * *
Duvessa burns you.
* * * LOW HITPOINT WARNING * * *
You closely miss Duvessa.
Duvessa is heavily wounded.
You block Duvessa's attack.
Duvessa hits you with a +0 short sword of flaming.
You die...

#.# ##.## #..># ...
##### #####.........
....#.#...##.
#.....#. .. #e# . #.
#@#.# #. #.#.####.##
#.........#
#.#######.########
#.# #.........
#######.#####
#.#######.
............###[#####
#.
#######.............#
#. #...######.###.#
#.


You could see Duvessa (berserk, fast).

Vanquished Creatures
  Dowan (D:4)
  2 adders
  2 dart slugs (D:1)
  3 orcs (D:3)
  10 ball pythons
  3 bats (D:1)
  7 endoplasms
  3 giant cockroaches
  2 goblins
  3 jackals (D:2)
  2 frilled lizards
  3 kobolds
  3 rats
44 creatures vanquished.

Notes
Turn   | Place    | Note
-------+----------+-------------------------------------------
     0 | D:1      | NateTC the Gargoyle Fighter began the quest for the Orb.
     0 | D:1      | Reached XP level 1. HP: 14/14 MP: 1/1
    77 | D:1      | Found a faded altar of an unknown god.
   129 | D:1      | Reached XP level 2. HP: 20/20 MP: 2/2
   212 | D:1      | Reached skill level 4 in Fighting
   455 | D:1      | Reached XP level 3. HP: 23/24 MP: 3/3
   910 | D:2      | Found Hehaon's Assorted Antiques.
  1097 | D:2      | Reached skill level 5 in Fighting
  1461 | D:3      | Reached XP level 4. HP: 30/31 MP: 4/4
  2041 | D:4      | Noticed Dowan
  2041 | D:4      | Noticed Duvessa
  2050 | D:4      | Killed Dowan
  2051 | D:4      | Reached XP level 5. HP: 34/35 MP: 5/5
  2054 | D:4      | Slain by Duvessa

Illustrated notes

Levels and vault maps discovered:
D:1:      dpeg_arrival_signposts, layout_rooms, serial_glass, glass_columns_a,
          glass_columns_c, glass_columns_a, glass_columns_b, glass_columns_c,
          due_unseen_surprise, feat_on_display, item_on_display_a,
          item_on_display_a, shapermc_ecumenical_altar_mp_urbaneastern
D:2:      layout_loops_cross, serial_shops, shop
D:3:      layout_basic, feat_on_display
D:4:      layout_loops_corners, temple_fountains, uniq_duvessa

Skill      XL: |  1  2  3  4 |
---------------+-------------+-----
Fighting       | 4 5 |  5.4
Maces & Flails | 3 |  3.1
Armour         | |  3.2
Shields        | |  3.2

Action                     |  1- 3 |  4- 6 || total
---------------------------+-------+-------++-------
  Melee: Flail             |   107 |    27 ||   134
    Use: Scroll            |     9 |     7 ||    16
         Potion            |       |     1 ||     1
 Armour: Scale mail        |    65 |    16 ||    81
  Dodge: Dodged            |    38 |    13 ||    51
  Block: Buckler           |    14 |     7 ||    21
